Map: 2000 Atmospheres LE

Players

milkicow - Winner!

  • Race: Terran Terran

souL

  • Race: Terran Terran

Event: DreamHack SC2 Masters 2021 Fall

VOD

Have the link to the VOD?

Description

Time

  • Played on: Aug. 7, 2021, 12:35 p.m.
  • Length: 19:14

All games in this series

Show
View Real Time Build Order
Export as new Build Order

milkicow Terran - Winner!

Build Orders:  

Get SALT Encoding   

  12  0:00  SCV  
  13  0:12  SCV  
  14  0:17  Supply Depot  
  14  0:24  SCV  
  15  0:38  SCV  
  15  0:39  Barracks  
  16  0:44  Refinery  
  16  0:50  SCV  
  16  0:54  Refinery  
  17  1:03  SCV  
  18  1:15  SCV  
  19  1:27  Reaper  
  19  1:29  Orbital Command  
  20  1:33  Supply Depot  
  20  1:42  Factory  
  20  1:54  SCV  
  20  1:59  Reaper  
  22  2:06  SCV  
  23  2:18  SCV  
  24  2:25  Hellion  
  26  2:31  SCV  
  26  2:36  Barracks Reactor  
  27  2:37  Command Center  
  27  2:43  SCV  
  28  2:48  Starport  
  28  2:53  Supply Depot  
  28  2:57  Factory Tech Lab  
  28  2:58  SCV  
  29  3:10  SCV  
  30  3:12  Marine  
  30  3:14  Marine  
  30  3:15  Siege Tank  
  35  3:23  SCV  
  35  3:26  Medivac  
  38  3:31  Marine  
  39  3:36  Refinery  
  39  3:48  SCV  
  39  3:49  Orbital Command  
  39  3:54  Siege Tank  
  44  4:00  SCV  
  44  4:10  Marine, Viking  
  44  4:11  Viking  
  44  4:13  SCV  
  44  4:14  SCV  
  51  4:17  Supply Depot  
  51  4:25  SCV  
  52  4:36  SCV  
  53  4:39  SCV  
  53  4:40  Viking  
  53  4:41  Viking  
  55  4:48  SCV  
  55  4:51  Supply Depot, SCV  
  57  4:54  Barracks Tech Lab, Siege Tank  
  60  5:00  SCV  
  60  5:03  SCV  
  62  5:11  Command Center  
  62  5:12  SCV  
  63  5:15  SCV  
  63  5:19  Viking  
  64  5:24  SCV  
  64  5:27  SCV, Liberator  
  66  5:32  Supply Depot  
  66  5:33  Refinery  
  64  5:36  SCV  
  64  5:39  Siege Tank  
  64  5:41  Supply Depot  
  67  5:56  Marine  
  67  5:57  SCV x2  
  70  6:00  Stimpack  
  70  6:03  Barracks  
  70  6:04  Barracks  
  70  6:09  SCV, Viking  
  72  6:16  SCV  
  72  6:17  Siege Tank  
  76  6:21  SCV  
  76  6:23  Orbital Command, Engineering Bay  
  76  6:24  Engineering Bay  
  77  6:28  SCV  
  76  6:33  SCV  
  76  6:34  Marine  
  76  6:35  Supply Depot  
  74  6:40  SCV, Viking  
  74  6:45  SCV  
  74  6:46  Viking  
  80  6:49  Siege Tank  
  80  6:50  SCV  
  80  6:52  SCV  
  85  6:57  SCV  
  83  7:02  SCV  
  83  7:03  Barracks Reactor  
  83  7:04  SCV  
  82  7:09  SCV  
  82  7:10  Viking  
  84  7:15  Orbital Command  
  84  7:16  SCV  
  84  7:21  SCV  
  84  7:22  Terran Infantry Armor Level 1, Terran Infantry Weapons Level 1  
  86  7:24  Marine, Siege Tank  
  86  7:27  Barracks  
  86  7:28  Barracks  
  90  7:31  Liberator  
  90  7:32  SCV  
  93  7:37  Barracks Reactor  
  93  7:38  SCV  
  93  7:39  Refinery  
  93  7:41  Marine  
  93  7:42  Supply Depot x2  
  93  7:43  SCV  
  96  7:45  SCV  
  96  7:46  Marine x2  
  96  7:50  SCV  
  100  7:53  Medivac  
  100  7:55  Refinery, SCV  
  100  7:57  SCV  
  104  7:59  Marine, Sensor Tower  
  104  8:04  Marine x2  
  107  8:07  Siege Tank  
  109  8:15  SCV  
  109  8:16  Marine x3  
  109  8:17  Marine  
  110  8:22  Marine x2  
  110  8:26  Medivac  
  107  8:28  Marine  
  107  8:33  SCV  
  101  8:34  Marine x3  
  101  8:35  Medivac  
  101  8:36  SCV  
  101  8:38  Supply Depot  
  101  8:39  Siege Tank  
  101  8:40  Marine x2  
  110  8:42  Barracks Reactor  
  110  8:44  Combat Shield, Command Center  
  110  8:45  SCV  
  111  8:52  Marine  
  111  8:53  Marine x2  
  111  8:55  Barracks Reactor  
  113  8:56  SCV  
  113  8:57  Marine, Armory  
  113  8:58  Marine  
  113  8:59  Viking  
  117  9:03  SCV  
  114  9:10  Marine  
  114  9:14  SCV  
  114  9:16  SCV  
  117  9:20  SCV  
  117  9:21  Viking, Siege Tank  
  117  9:22  Marine  
  124  9:24  Marine x4  
  124  9:25  Marine  
  124  9:26  SCV  
  124  9:28  Marine, Supply Depot  
  124  9:29  Supply Depot  
  124  9:30  Supply Depot, Command Center  
  129  9:31  Viking  
  129  9:38  Marine x2  
  131  9:43  Supply Depot  
  131  9:44  Supply Depot, Terran Infantry Weapons Level 2  
  133  9:46  Terran Infantry Armor Level 2  
  133  9:47  Marine  
  133  9:50  Marine  
  133  9:52  Viking  
  130  10:01  Viking  
  123  10:08  SCV  
  123  10:12  Siege Tank  
  123  10:14  Marine x6  
  123  10:15  Marine x3  
  131  10:22  Viking  
  128  10:31  SCV  
  128  10:32  Marine x6  
  128  10:33  Factory  
  135  10:39  Liberator  
  134  10:43  Marine  
  134  10:44  Marine  
  134  10:45  Marine, Siege Tank  
  138  10:50  Marine  
  138  10:52  Marine x2  
  138  10:55  Marine  
  138  10:58  Marine, SCV  
  138  10:59  Liberator  
  138  11:00  Marine  
  138  11:01  Marine  
  136  11:08  SCV  
  131  11:13  Marine  
  131  11:16  Marine  
  131  11:17  Marine  
  129  11:21  SCV  
  129  11:23  Marine  
  129  11:24  Marine x4  
  117  11:28  Viking  
  117  11:29  Siege Tank  
  122  11:34  Planetary Fortress  
  122  11:37  Marine, Terran Vehicle Weapons Level 1  
  122  11:38  Marine  
  124  11:41  Barracks Reactor  
  124  11:43  Refinery  
  124  11:44  Refinery  
  124  11:45  Marine  
  125  11:47  Marine  
  125  11:48  Starport  
  125  11:51  Marine  
  125  11:52  Marine, Viking  
  130  11:55  Starport  
  130  11:56  Marine, SCV  
  130  11:57  Starport  
  130  11:58  Marine x3  
  135  12:03  Marine  
  135  12:05  Marine, Siege Tank  
  140  12:09  Marine  
  140  12:10  Marine  
  140  12:11  Terran Infantry Weapons Level 3  
  140  12:15  Terran Infantry Armor Level 3  
  142  12:16  Marine  
  142  12:18  Marine  
  142  12:19  Marine  
  137  12:30  Marine  
  137  12:31  Medivac  
  137  12:32  Marine, Medivac, Siege Tank  
  137  12:34  Marine  
  137  12:35  Marine, SCV  
  133  12:37  SCV x2  
  133  12:39  Viking  
  133  12:43  SCV  
  137  12:46  Viking  
  137  12:47  SCV  
  137  12:49  SCV  
  140  12:56  Marine  
  140  12:57  Marine  
  139  12:59  Marine  
  139  13:00  Marine  
  139  13:01  SCV  
  139  13:02  Marine  
  139  13:03  Marine  
  139  13:04  Marine  
  140  13:05  SCV  
  140  13:07  Marine  
  138  13:13  Marine x2  
  138  13:17  Marine x2  
  138  13:18  Marine  
  134  13:22  Marine  
  134  13:23  Starport Tech Lab x2  
  134  13:24  Marine, SCV  
  134  13:25  Marine  
  134  13:26  Siege Tank  
  134  13:27  Marine, Viking x2, Siege Tank  
  141  13:32  Terran Vehicle Weapons Level 2  
  148  13:35  Starport Tech Lab  
  148  13:40  Marine  
  147  13:43  Marine x3  
  147  13:46  Command Center  
  147  13:47  Marine x2  
  147  13:48  Corvid Reactor  
  152  13:49  Marine  
  152  13:51  Marine  
  152  13:52  Marine  
  152  13:54  Missile Turret  
  155  13:57  Raven  
  155  13:58  Marine  
  155  14:01  Marine x4  
  162  14:05  Marine x2  
  164  14:10  Raven  
  165  14:19  Command Center  
  165  14:25  Marine x3  
  165  14:26  Marine x2  
  165  14:27  Marine  
  165  14:28  Marine  
  165  14:29  Siege Tank  
  167  14:32  Marine x3  
  164  14:43  Marine x5  
  164  14:45  Marine  
  170  14:48  Marine  
  170  14:49  Marine  
  170  14:50  Marine x2, Raven  
  136  15:00  Marine  
  136  15:01  Marine x4  
  136  15:02  Marine, SCV x2  
  140  15:09  Marine x2  
  140  15:10  Raven  
  140  15:15  SCV  
  140  15:16  SCV  
  140  15:19  Marine  
  142  15:22  Raven  
  142  15:27  Marine  
  128  15:28  SCV x2  
  128  15:30  Marine  
  128  15:31  SCV  
  128  15:33  Marine x2  
  128  15:35  SCV  
  135  15:40  SCV  
  133  15:42  Medivac  
  135  15:44  Marine x2  
  135  15:47  SCV x2  
  135  15:49  Marine  
  142  15:52  SCV  
  144  15:57  SCV  
  144  15:59  Marine  
  144  16:00  SCV  
  144  16:01  SCV  
  144  16:03  Planetary Fortress  
  145  16:05  Raven, Medivac  
  145  16:09  Medivac  
  145  16:10  Raven  
  152  16:14  Marine  
  152  16:15  Siege Tank  
  155  16:18  SCV  
  155  16:21  SCV  
  155  16:24  Marine x2  
  159  16:30  Marine  
  159  16:31  Marine  
  161  16:33  Marine  
  161  16:37  Medivac  
  161  16:39  Marine x3, Raven  
  143  16:41  Marine  
  143  16:42  Marine x2  
  143  16:44  Marine  
  118  16:48  Marine x2, Siege Tank  
  118  16:49  SCV  
  118  16:51  Raven  
  118  16:52  SCV x4  
  130  16:58  Orbital Command  
  130  17:00  Raven  
  131  17:01  Marine, SCV  
  131  17:02  Marine  
  131  17:04  SCV x3  
  131  17:06  Refinery  
  131  17:08  Refinery, Marine, Siege Tank  
  140  17:09  Marine  
  140  17:10  Marine  
  140  17:12  Marine  
  140  17:14  Terran Vehicle And Ship Armor Level 1  
  144  17:15  Marine  
  144  17:18  Marine  
  144  17:20  Marine  
  144  17:21  Marine x3  
  144  17:22  Raven  
  152  17:27  Siege Tank  
  152  17:28  Marine x3  
  158  17:34  Marine x2  
  158  17:36  Marine, SCV  
  152  17:38  Marine, Raven  
  152  17:40  Marine x3, Siege Tank  
  159  17:45  Marine  
  160  17:55  Marine  
  160  17:57  Marine  
  162  18:00  Marine x2  
  162  18:02  Marine  
  162  18:04  Raven x2, Siege Tank  
  162  18:05  Command Center  
  172  18:08  Marine  
  172  18:09  Marine x4  
  177  18:14  Marine  
  177  18:16  Marine  
  177  18:17  Marine  
  177  18:18  Siege Tank  
  180  18:22  Marine  
  180  18:23  Marine  
  180  18:24  Sensor Tower  
  182  18:27  Marine x2  
  182  18:33  Marine x3  
  185  18:37  Marine, Siege Tank  
  185  18:38  Marine  
  184  18:42  Marine  
  182  18:59  Supply Depot  
  182  19:00  Supply Depot  
  179  19:10  Supply Depot  
Show
View Real Time Build Order
Export as new Build Order

souL Terran 

Build Orders:  

Get SALT Encoding   

  12  0:00  SCV  
  13  0:12  SCV  
  14  0:17  Supply Depot  
  14  0:24  SCV  
  15  0:38  SCV  
  15  0:40  Barracks  
  16  0:43  Refinery  
  16  0:50  SCV  
  16  0:52  Refinery  
  17  1:03  SCV  
  18  1:15  SCV  
  19  1:27  Reaper, Orbital Command  
  20  1:41  Factory  
  20  1:42  Supply Depot  
  20  1:54  SCV  
  20  1:59  Reaper  
  22  2:06  SCV  
  23  2:19  SCV  
  24  2:23  Command Center  
  24  2:28  Hellion  
  26  2:32  Barracks Reactor  
  26  2:33  SCV  
  27  2:41  Supply Depot  
  27  2:46  SCV  
  27  2:50  Hellion  
  30  2:55  Starport  
  30  3:00  SCV  
  31  3:08  Marine  
  31  3:09  Marine  
  31  3:11  Factory Tech Lab  
  31  3:12  SCV  
  34  3:20  Refinery  
  34  3:24  SCV  
  34  3:26  Marine x2  
  37  3:32  Starport Tech Lab  
  37  3:35  Cyclone  
  37  3:36  Orbital Command  
  40  3:41  SCV  
  40  3:44  Marine x2  
  43  3:52  Raven  
  43  3:54  SCV  
  46  4:00  Supply Depot  
  46  4:02  SCV  
  47  4:03  Marine  
  47  4:05  Marine  
  47  4:06  SCV  
  50  4:16  Siege Tank  
  54  4:20  SCV  
  54  4:21  Marine  
  54  4:22  SCV  
  54  4:23  Supply Depot  
  56  4:32  SCV  
  56  4:34  SCV  
  58  4:42  Marine  
  58  4:44  SCV  
  60  4:46  SCV  
  60  4:49  Raven  
  63  4:55  Supply Depot  
  63  4:57  Command Center  
  63  4:59  Refinery  
  63  5:00  Supply Depot  
  63  5:07  Marine x2, SCV x2  
  63  5:10  Supply Depot  
  67  5:19  SCV x2  
  68  5:25  Marine, Siege Tank  
  67  5:31  Raven, SCV x2  
  69  5:44  SCV x2  
  67  5:56  SCV x2  
  69  5:57  Siege Tank  
  69  6:00  Barracks  
  69  6:02  Barracks  
  69  6:08  SCV x2  
  67  6:19  Orbital Command  
  67  6:20  SCV x2  
  67  6:27  Viking  
  67  6:29  Siege Tank  
  67  6:32  SCV x2  
  73  6:44  SCV x2  
  71  6:54  Marine  
  71  6:56  SCV x2  
  71  7:01  Siege Tank  
  74  7:08  SCV x2  
  74  7:09  Viking  
  74  7:17  Viking, Orbital Command  
  74  7:20  SCV x2  
  63  7:22  Stimpack  
  77  7:27  Barracks Reactor  
  77  7:32  SCV x2  
  77  7:33  Siege Tank  
  77  7:36  Engineering Bay  
  82  7:37  Engineering Bay  
  82  7:45  SCV x3  
  82  7:48  Viking  
  82  7:50  Viking  
  89  7:51  Barracks Reactor  
  89  7:57  SCV x2  
  92  7:59  Supply Depot  
  92  8:05  Marine, Siege Tank  
  92  8:07  Marine  
  92  8:09  SCV x2  
  97  8:18  Viking  
  94  8:20  Viking  
  94  8:21  SCV x2  
  94  8:25  Orbital Command  
  96  8:33  SCV x2  
  92  8:35  Marine x2  
  94  8:43  Marine, Terran Infantry Armor Level 1, Terran Infantry Weapons Level 1  
  94  8:45  Marine, SCV x2  
  94  8:48  Marine, Liberator  
  101  8:49  Liberator  
  105  8:56  SCV  
  105  8:57  SCV x2, Barracks  
  105  8:58  Barracks  
  108  9:05  Supply Depot  
  108  9:07  Siege Tank  
  108  9:08  SCV  
  108  9:09  SCV x2  
  114  9:16  Marine  
  115  9:19  Marine x2  
  117  9:24  Marine x2, SCV x2  
  117  9:26  Supply Depot  
  117  9:27  Supply Depot  
  117  9:29  SCV  
  117  9:30  Liberator  
  125  9:34  Marine  
  125  9:37  Marine x2, SCV  
  128  9:39  Siege Tank  
  128  9:42  Marine x2  
  127  9:45  SCV  
  127  9:52  Marine  
  126  9:54  SCV  
  126  9:55  Marine  
  126  9:59  Marine  
  129  10:00  Marine, Marauder  
  123  10:09  SCV, Medivac  
  123  10:10  Marine  
  123  10:11  Siege Tank  
  123  10:13  Marine, SCV  
  124  10:17  Marine x2  
  124  10:21  Marine  
  123  10:27  SCV  
  123  10:28  Marine  
  123  10:30  Marine  
  123  10:31  Marine x2, Supply Depot, Armory  
  123  10:32  SCV  
  123  10:33  Supply Depot  
  123  10:35  Marine x2  
  121  10:38  SCV  
  121  10:39  Marine  
  121  10:41  Refinery  
  123  10:43  Refinery x3, Siege Tank  
  123  10:45  Marine  
  123  10:48  Marine  
  123  10:49  Marine x2  
  130  10:51  SCV  
  130  10:52  Marine  
  130  10:53  Marine  
  130  10:55  SCV  
  130  10:57  Marine  
  131  10:59  Medivac  
  131  11:03  Marine  
  135  11:05  SCV  
  135  11:06  Marine  
  135  11:07  Marine  
  135  11:10  Marine, Combat Shield  
  135  11:11  Marine  
  139  11:12  SCV  
  139  11:14  Marine  
  139  11:18  Medivac  
  141  11:21  Marine x2  
  141  11:24  Marine x2  
  116  11:28  Marine  
  116  11:29  Marine, Medivac, Command Center  
  116  11:32  Marine  
  120  11:39  Marine  
  123  11:42  Reaper  
  123  11:44  Sensor Tower  
  123  11:46  Marine x2  
  127  11:48  SCV x2, Medivac  
  127  11:50  Barracks Reactor x2, Marine  
  130  11:57  Marine, SCV  
  130  11:59  Medivac  
  134  12:04  Marine x2  
  134  12:08  Marine  
  140  12:10  SCV, Supply Depot  
  140  12:12  Terran Infantry Weapons Level 2  
  140  12:14  Marine x2  
  139  12:16  Terran Infantry Armor Level 2  
  139  12:22  Marine x2  
  141  12:26  Marine  
  133  12:32  Marine x2  
  133  12:35  Marine x4, Siege Tank  
  133  12:39  Marine  
  133  12:40  Marine, Medivac  
  133  12:41  Medivac  
  133  12:43  Marine  
  135  12:49  Marine  
  135  12:50  Marine  
  134  12:53  Marine x4  
  134  12:57  Marine  
  134  12:58  Marine  
  130  13:01  Marine  
  121  13:07  Marine, Siege Tank  
  121  13:08  Marine, SCV  
  121  13:11  Marine x4, SCV  
  126  13:15  Marine x2  
  126  13:19  Marine  
  129  13:21  SCV  
  129  13:25  Marine  
  129  13:26  Marine  
  132  13:29  Marine x4  
  132  13:33  Marine x2, Planetary Fortress  
  138  13:36  SCV x2  
  138  13:37  Marine  
  138  13:39  Siege Tank  
  138  13:40  Medivac  
  139  13:41  SCV  
  139  13:43  Marine  
  139  13:44  Marine  
  139  13:46  Marine  
  139  13:47  Marine x3  
  139  13:48  SCV  
  147  13:51  Marine x2  
  147  13:55  Marine  
  150  13:57  Terran Vehicle Weapons Level 1  
  150  14:00  Sensor Tower  
  150  14:01  Marine, SCV  
  150  14:02  Refinery, SCV x2, Supply Depot  
  154  14:03  Refinery  
  154  14:05  Refinery  
  154  14:06  Marine x2  
  156  14:10  Marine  
  156  14:11  Siege Tank  
  156  14:14  SCV  
  156  14:15  Marine  
  161  14:17  Marine x2  
  160  14:30  Marine  
  160  14:31  SCV  
  158  14:33  Marine x5  
  160  14:42  Marine  
  160  14:43  Siege Tank  
  160  14:44  Marine  
  161  14:47  Marine  
  161  14:48  Marine  
  161  14:50  Marine  
  161  14:51  Marine  
  161  14:52  Marine x3  
  127  15:00  Marine  
  127  15:02  Marine  
  127  15:04  Marine  
  127  15:05  Marine  
  127  15:06  Medivac x2  
  132  15:08  Marine x2  
  132  15:09  Marine  
  132  15:10  Marine x2  
  134  15:15  Siege Tank  
  134  15:18  Marine  
  134  15:19  Marine  
  138  15:22  Marine  
  138  15:23  Marine  
  138  15:26  Marine x2  
  138  15:27  Marine x2  
  138  15:28  Marine  
  132  15:35  Marine, Medivac  
  132  15:37  Marine  
  132  15:40  Marine, Terran Infantry Weapons Level 3  
  132  15:41  Marine, Terran Infantry Armor Level 3  
  138  15:44  Marine x2  
  138  15:45  Marine x2  
  138  15:46  Marine  
  138  15:47  Siege Tank  
  146  15:53  Marine  
  146  15:55  Marine, Medivac  
  150  15:58  Marine  
  150  15:59  Marine  
  150  16:02  Marine x2  
  150  16:03  Marine x3  
  154  16:11  Marine  
  154  16:13  Marine  
  154  16:16  Marine  
  154  16:17  Marine  
  154  16:18  Medivac  
  156  16:19  Marine, Siege Tank  
  156  16:20  Marine  
  156  16:21  Marine x3, SCV x2  
  156  16:24  Medivac  
  168  16:27  Starport  
  168  16:29  Marine  
  168  16:31  Marine  
  159  16:34  Marine  
  159  16:35  Marine  
  159  16:37  Marine x2  
  159  16:38  Marine, SCV  
  159  16:39  Marine x2  
  139  16:43  SCV  
  118  16:47  Marine  
  118  16:49  Marine  
  118  16:51  Siege Tank  
  118  16:52  Marine x2  
  118  16:55  Marine x2, Medivac  
  118  16:56  Marine x2  
  118  16:57  Marine, Medivac  
  127  17:04  Marine  
  127  17:06  Marine  
  129  17:09  Marine  
  129  17:10  Marine  
  129  17:13  Marine x2  
  129  17:14  Marine x2  
  129  17:15  Marine, Factory  
  136  17:22  Marine, Sensor Tower  
  136  17:24  Marine  
  136  17:25  Medivac  
  136  17:27  Marine, Medivac  
  136  17:28  Marine  
  144  17:31  Marine x2, Orbital Command  
  144  17:32  Marine x2  
  144  17:33  Marine  
  129  17:38  Siege Tank  
  129  17:40  Marine  
  129  17:42  Marine  
  131  17:45  Marine  
  131  17:46  Marine  
  131  17:49  Marine x2  
  131  17:50  Marine x3  
  138  17:58  Marine, SCV x3, Sensor Tower  
  141  17:59  Starport Tech Lab  
  141  18:00  Marine  
  141  18:01  Factory Tech Lab  
  141  18:02  Starport  
  141  18:03  Marine  
  141  18:04  Marine  
  145  18:06  Refinery, Marine  
  145  18:07  Marine  
  145  18:08  Marine x3  
  145  18:10  SCV x3  
  152  18:16  Marine, Liberator  
  152  18:18  Liberator  
  159  18:20  Raven  
  159  18:24  Marine x5  
  166  18:27  Marine x3  
  166  18:34  Marine, Siege Tank  
  173  18:39  Siege Tank  
  175  18:42  Marine x4  
  175  18:46  Marine  
  175  18:47  Marine  
  171  19:01  Supply Depot x3  

Tags
 
Add a new tag
Caveats
  • Supply blocks, unpowered buildings, or Contaminate may cause inaccurate times.
  • Supply counts are checked every 10 seconds.